 Dungeon Sprint DCSS version 0.30.1-11-g7821555f0a (webtiles) character file.

Game seed: 10008786450898338373

111 Heoruswealwe the Spear-Bearer (level 4, 0/45 HPs)
             Began as a Minotaur Fighter on Dec 15, 2023.
             Slain by an ogre
             ... wielding a +0 giant club
              (24 damage)
             ... in the Dungeon (Sprint IX: "|||||||||||||||||||||||||||||").
             The game lasted 00:00:34 (53 turns).

Heoruswealwe the Spear-Bearer (Minotaur Fighter)      Turns: 53, Time: 00:00:35

Health: 0/45       AC:  7    Str: 22    XL:     4   Next: 62%
Magic:  3/3        EV:  9    Int:  5    God:
Gold:   0          SH:  4    Dex: 10    Spells: 3/3 levels left

rFire   . . .        a - +0 trident
rCold   . . .        d - +0 buckler
rNeg    . . .        c - +0 scale mail
rPois   .            (helmet restricted)
rElec   .            (no cloak)
rCorr   .            (no gloves)
SInv    .            (no boots)
Will    .....        (no amulet) Stlth
                     (no ring)
HPRegen 0.27/turn    (no ring)
MPRegen 0.08/turn

%: no teleportation
@: no status effects
A: horns 2, retaliatory headbutt
a: no special abilities


You were in the Dungeon.
You visited 1 branch

Inventory:

Hand Weapons
 a - a +0 trident (weapon)
Armour
 c - a +0 scale mail (worn)
 d - a +0 buckler (worn)
Scrolls
 j - a scroll of blinking
Potions
 b - a potion of might
 e - a potion of curing
 g - a potion of haste
 i - a potion of berserk rage


   Skills:
 + Level 6.6 Fighting
 * Level 8.2 Polearms
 + Level 6.6 Armour
 - Level 3.6 Shields


You had 3 spell levels left.
You didn't know any spells.
Your spell library was empty.

Dungeon Overview and Level Annotations

Branches:
Dungeon (1/1)

Altars:


Innate Abilities, Weirdness & Mutations

You have a pair of horns on your head.
You reflexively headbutt those who attack you in melee.


Message History

You block the phantom's attack.
You barely miss the phantom.
The phantom is severely damaged.
The phantom hits you. The phantom barely misses you.
You barely miss the phantom. Your headbutt misses the phantom.
The phantom is severely damaged.
The phantom hits you.
You hit the phantom.
The phantom is severely damaged.
The phantom barely misses you.
You hit the phantom. Your headbutt misses the phantom.
The phantom is almost destroyed.
The phantom closely misses you.
You hit the phantom. Your headbutt misses the phantom.
The phantom is almost destroyed.
The phantom misses you.
You closely miss the phantom.
The phantom is almost destroyed.
The phantom hits you but does no damage.
You hit the phantom but do no damage.
The phantom is almost destroyed.
You block the phantom's attack.
You barely miss the phantom.
The phantom is almost destroyed.
You block the phantom's attack.
You miss the phantom.
The phantom is almost destroyed.
The phantom barely misses you.
You hit the phantom.
You destroy the phantom!
Your Fighting skill increases to level 6!
Your Polearms skill gained 3 levels and is now at level 8!
Your Armour skill increases to level 6!
You have reached level 4!
You feel agile.
You puncture the orc!
You kill the orc!
The ogre hits you with a +0 giant club!!
Ouch! That really hurt!
You die...

▓!▓
▓.▓
▓'▓
▓)▓
▓.▓
▓.▓
▓.▓
▓.▓
▓@▓
▓O▓
▓g▓
▓.▓
▓.▓
▓.▓
▓+▓


You could see an ogre and a gnoll.

Vanquished Creatures
  A phantom (D)
  An iguana (D)
  An orc (D)
  A bat (D)
  A hobgoblin (D)
  A frilled lizard (D)
  A kobold (D)
  A rat (D)
8 creatures vanquished.

Notes
Turn   | Place    | Note
-------+----------+-------------------------------------------
     0 | D        | Heoruswealwe the Minotaur Fighter began the quest for the
                  | Orb.
     0 | D        | Reached XP level 1. HP: 19/19 MP: 0/0
     7 | D        | Reached skill level 3 in Polearms
    21 | D        | Noticed an iguana
    21 | D        | Noticed a phantom
    21 | D        | Noticed an ogre
    29 | D        | Killed an iguana
    30 | D        | Reached skill level 5 in Fighting
    30 | D        | Reached skill level 5 in Polearms
    30 | D        | Reached skill level 5 in Armour
    30 | D        | Reached XP level 2. HP: 19/29 MP: 1/1
    30 | D        | Reached XP level 3. HP: 24/36 MP: 2/2
    51 | D        | Killed a phantom
    52 | D        | Reached skill level 8 in Polearms
    52 | D        | Reached XP level 4. HP: 24/45 MP: 3/3
    53 | D        | Slain by an ogre

Illustrated notes

Levels and vault maps discovered:
D:        linesprint [early_d, line_temple, items_1, d_10, items_2, lair_1,
          lair_end, items_3, orc_1, orc_end, items_4, d_15, swamp_1, shoals_1,
          snake_1, spider_1, d_20, vaults_1, items_5, swamp_end, shoals_end,
          snake_end, spider_end, vaults_end, d_27, items_6, zot_1, zot_end,
          crypt_end, forest_end, elf_end, slime_end, tomb_end, abyss_end,
          pan_hell_end]

Skill      XL: |  1  2  3 |
---------------+----------+-----
Polearms       | 5 8 |  8.2
Fighting       | 5 6 |  6.6
Armour         | 5 6 |  6.6
Shields        | |  3.6

Action                     |  1- 3 |  4- 6 || total
---------------------------+-------+-------++-------
  Melee: Trident           |    38 |     1 ||    39
         Headbutt          |     3 |       ||     3
    Use: Potion            |     1 |       ||     1
 Armour: Scale mail        |    10 |       ||    10
  Dodge: Dodged            |    13 |       ||    13
  Block: Buckler           |     8 |       ||     8
